 Dungeon Crawl Stone Soup version 0.29.1-1-gd02db6906a (webtiles) character file.

Game seed: 14052053798168530348

6 Godmorgon the Conjurer (level 1, -2/10 HPs)
             Began as a Tengu Conjurer on Oct 13, 2022.
             Slain by a kobold
             ... wielding a +0 whip
              (5 damage)
             ... on level 1 of the Dungeon.
             The game lasted 00:01:17 (169 turns).

Godmorgon the Conjurer (Tengu Conjurer)              Turns: 169, Time: 00:01:18

Health: -2/10      AC:  3    Str:  7    XL:     1   Next: 90%
Magic:  0/4        EV: 12    Int: 18    God:
Gold:   8          SH:  0    Dex: 12    Spells: 3/4 levels left

rFire   . . .      SeeInvis .   (no weapon)
rCold   . . .      Faith    .   (no shield)
rNeg    . . .      Spirit   .   a - +0 robe
rPois   .          Reflect  .   (helmet restricted)
rElec   .          Harm     .   c - +0 cloak
rCorr   .          Rampage  .   (no gloves)
Will    .....                   (boots unavailable)
Stlth   ++........              (no amulet)
HPRegen 0.03/turn               (no ring)
MPRegen 0.09/turn               (no ring)

@: no status effects
A: beak, talons 3
a: no special abilities


You were on level 1 of the Dungeon.
You visited 1 branch of the dungeon, and saw 1 of its levels.

You collected 8 gold pieces.

Inventory:

Armour
 a - a +0 robe (worn)
 c - a +0 cloak (worn)
Potions
 b - a potion of magic


   Skills:
 - Level 2.1 Dodging
 - Level 2.0 Stealth
 + Level 2.1 Spellcasting
 * Level 5.6 Conjurations


You had 3 spell levels left.
You knew the following spells:

 Your Spells              Type           Power      Damage    Failure   Level
d - Magic Dart            Conj           88%        1d7       1%          1

Your spell library contained the following spells:

 Spells                   Type           Power      Damage    Failure   Level
 Searing Ray              Conj           44%        2d6       2%          2
 Dazzling Flash           Conj/Hex       24%        N/A       17%         3
 Fulminant Prism          Conj/Hex       6%         3d7       50%         4
 Iskenderun's Mystic Bla  Conj/Tloc      12%        2d5       50%         4


Dungeon Overview and Level Annotations

Branches:
Dungeon (1/15)

Altars:


Innate Abilities, Weirdness & Mutations

You have a beak for a mouth.
You have claws for feet.


Message History

Aiming: Magic Dart (safe; 1% risk of failure)
Press: ? - help, Shift-Dir - straight line, f - giant cockroach
Aim: a giant cockroach (100% to hit)
The magic dart hits the giant cockroach.
The giant cockroach is heavily wounded.
The giant cockroach bites you but does no damage.
The bat hits you but does no damage.
The giant cockroach bites you but does no damage.
The bat hits you but does no damage. The bat barely misses you.
The bat barely misses you.
Casting: Magic Dart (safe; 1% risk of failure)
Confirm with . or Enter, or press ? or * to list all spells.
Aiming: Magic Dart (safe; 1% risk of failure)
Press: ? - help, Shift-Dir - straight line, f/p - giant cockroach
Aim: a giant cockroach (heavily wounded, 100% to hit)
The magic dart hits the bat.
The bat is severely wounded.
The bat hits you but does no damage.
You barely miss the giant cockroach. Your kick misses the giant cockroach.
The giant cockroach is heavily wounded.
The giant cockroach barely misses you.
You closely miss the giant cockroach.
The giant cockroach is heavily wounded.
The giant cockroach bites you but does no damage.
You barely miss the giant cockroach. You claw the giant cockroach.
You kill the giant cockroach!
The bat hits you but does no damage. x2
You closely miss the bat. Your kick misses the bat. The bat misses you. x2
You closely miss the bat. Your peck misses the bat.
The bat hits you but does no damage.
You hit the kobold but do no damage. Your kick misses the kobold.
The kobold hits you with a +0 whip.
Ouch! That really hurt!
* * * LOW HITPOINT WARNING * * *
The bat hits you but does no damage.
You miss the kobold. The bat hits you but does no damage. x2
The kobold hits you with a +0 whip.
Ouch! That really hurt!
You die...

#...........§♣♣♣∩.∩.§♣○##
#.##......##♣..∩...∩♣§...
#.##.....##♣♣♣∩..8..∩♣♣.#
#.##......#..§.......∩.♣#
#...#......♣♣..8.<.8...♣
#..#.......♣.∩......§∩♣.#
#..##.....#.♣.§§§8..§§♣♣#
#..##..b..##.♣♣§...∩♣♣§#
#..##.##@### §§∩.∩§§ §#
#..##.##K# §♣♣§♣♣♣♣§.#
#......†.# #§ .♣ §#
#...#...## # . #
#...###.######.
#..............
#.#.###.####### #.. #.# #
#b ##.#


You could see a bat and a kobold.

Vanquished Creatures
  An endoplasm (D:1)
  A giant cockroach (D:1)
  A quokka (D:1)
  A frilled lizard (D:1)
  2 rats (D:1)
6 creatures vanquished.

Notes
Turn   | Place    | Note
-------+----------+-------------------------------------------
     0 | D:1      | Godmorgon the Tengu Conjurer began the quest for the Orb.
     0 | D:1      | Reached XP level 1. HP: 10/10 MP: 4/4
   169 | D:1      | Slain by a kobold

Illustrated notes

Levels and vault maps discovered:
D:1:      heliophobic_arrival_enchanted_forest, layout_loops_ring,
          hellmonk_ecumenical_altar_leap_of_faith

Action                   || total
-------------------------++-------
Melee: Unarmed           ||     7
       Kick              ||     1
 Cast: Magic Dart        ||    10
Armor: Robe              ||    13
Dodge: Dodged            ||     7
